 Dungeon Sprint DCSS version 0.27-a0-1158-gaa87e14f67 (webtiles) character file.

Game seed: 8891858635235645735

1027 mhtbhm the Devastator (level 8, -7/41 HPs)
             Began as a Deep Elf Conjurer on May 15, 2021.
             Was a Believer of Vehumet.
             Shot with an arrow by a centaur warrior (12 damage)
             ... in the Dungeon (Sprint IX: "|||||||||||||||||||||||||||||").
             The game lasted 00:02:30 (518 turns).

mhtbhm the Devastator (Deep Elf Conjurer)            Turns: 518, Time: 00:02:30

Health: -7/41      AC:  3    Str:  4    XL:     8   Next: 3%
Magic:  12/22      EV: 19    Int: 26    God:    Vehumet [**....]
Gold:   0          SH:  0    Dex: 13    Spells: 10/24 levels left

rFire    . . .     SeeInvis .   k - +2 rapier (venom)
rCold    . . .     Faith    .   (no shield)
rNeg     . . .     Spirit   .   a - +0 robe
rPois    .         Reflect  .   l - +0 helmet
rElec    .         Harm     .   (no cloak)
rCorr    .         Rampage  .   (no gloves)
Will     .....     NoTele   +   (no boots)
Stlth    +++.......             (no amulet)
HPRegen  0.13/turn              m - +2 ring of evasion
MPRegen  0.18/turn              n - +2 ring of evasion

@: no status effects
A: no striking features
a: Renounce Religion


You were in the Dungeon.
You worshipped Vehumet.
Vehumet was pleased with you.
You visited 1 branch

Inventory:

Hand Weapons
 k - a +2 rapier of venom (weapon)
Armour
 a - a +0 robe (worn)
 l - a +0 helmet (worn)
Jewellery
 m - a +2 ring of evasion (left hand)
 n - a +2 ring of evasion (right hand)
Wands
 j - a wand of iceblast (10)
Scrolls
 h - 2 scrolls of blinking
 i - 2 scrolls of amnesia
Potions
 b - a potion of invisibility
 c - 3 potions of curing
 d - a potion of heal wounds
 e - a potion of haste
 f - 3 potions of magic
 g - a potion of berserk rage


   Skills:
 + Level 0.1 Fighting
 + Level 7.2 Dodging
 + Level 7.1 Stealth
 + Level 8.9 Spellcasting
 + Level 15.4 Conjurations


You had 10 spell levels left.
You knew the following spells:

 Your Spells              Type           Power      Damage    Failure   Level
a - Magic Dart            Conj           100%       1d8       0%          1
b - Searing Ray           Conj           100%       3d7       0%          2
c - Dazzling Flash        Conj/Hex       100%       N/A       1%          3
d - Iskenderun's Mystic   Conj/Tloc      51%        2d11      2%          4
e - Fulminant Prism       Conj/Hex       25%        3d14      2%          4

Your spell library contained the following spells:

 Spells                   Type           Power      Damage    Failure   Level
 Freeze                   Ice            44%        1d6       5%          1


Dungeon Overview and Level Annotations

Branches:
Dungeon (1/1)

Altars:
Cheibriados
Dithmenos
Elyvilon
Fedhas
Gozag
Hepliaklqana
Kikubaaqudgha
Makhleb
Nemelex Xobeh
Okawaru
Qazlal
Ru
Sif Muna
Trog
Uskayaw
Vehumet
Wu Jian
Xom
Yredelemnul
Zin
The Shining One
Beogh
Jiyva
Lugonu


Message History

The searing ray hits the centaur warrior!
The centaur warrior is severely wounded.
The searing ray hits the centaur warrior.
The centaur warrior is moderately wounded.
The searing ray hits the cyan ugly thing!
The cyan ugly thing is moderately wounded.
The centaur warrior shoots an arrow.
The arrow hits the centaur warrior!!
The searing ray hits the centaur warrior!
You kill the centaur warrior!
Vehumet accepts your kill. Vehumet offers you knowledge of Freeze.
You feel your power returning.
The searing ray hits the centaur warrior!
The centaur warrior is heavily wounded.
The searing ray hits the cyan ugly thing!
The cyan ugly thing is heavily wounded.
You finish channeling your searing ray.
The centaur warrior shoots an arrow.
The arrow hits you!
The centaur warrior shoots an arrow.
The arrow barely misses you.
Your Dodging skill increases to level 7!
Your Stealth skill increases to level 7!
Your Conjurations skill increases to level 15!
You have reached level 8!
You feel clever.
Unknown command.
Casting: Searing Ray (safe; 0% risk of failure)
Confirm with . or Enter, or press ? or * to list all spells.
Aiming: Searing Ray (safe; 0% risk of failure)
Press: ? - help, Shift-Dir - straight line, f - centaur warrior
Aim: a centaur warrior, wielding a +0 shortbow and quivering arrows (moderately wounded, blind, 87% to hit)
The searing ray hits the centaur warrior!
The centaur warrior is heavily wounded. (Press . to maintain the ray.)
The centaur warrior shoots an arrow.
The arrow hits you!
* * * LOW HITPOINT WARNING * * *
The searing ray misses the centaur warrior.
The searing ray misses the cyan ugly thing.
The centaur warrior is no longer blind.
The centaur warrior shoots an arrow.
The arrow hits you!
You die... ▓▓▓▓▓▓▓▓▓▓▓▓▓▓▓▓▓▓▓▓▓▓▓▓ Tyyuc.)@...))÷.)[[..)..' ▓▓▓▓▓▓▓▓▓▓▓▓▓▓▓▓▓▓▓▓▓▓▓▓

You could see a cyan ugly thing, a centaur warrior, a troll and 2 vampire mosquitoes.

Vanquished Creatures
  A centaur warrior (D)
  A gargoyle (D)
  A yak (D)
  A wyvern (D)
  A gnoll sergeant (D)
  A wight (D)
  A howler monkey (D)
  A hound (D)
  An adder zombie (D)
  An adder skeleton (D)
  An orc (D)
  A bat (D)
  A frilled lizard (D)
  A giant cockroach zombie (D)
  A kobold (D)
  2 rats (D)
17 creatures vanquished.

Notes
Turn   | Place    | Note
-------+----------+-------------------------------------------
     0 | D        | mhtbhm the Deep Elf Conjurer began the quest for the Orb.
     0 | D        | Reached XP level 1. HP: 10/10 MP: 6/6
     7 | D        | Reached skill level 5 in Conjurations
    60 | D        | Noticed a hound
    63 | D        | Killed a hound
    64 | D        | Reached skill level 7 in Conjurations
    64 | D        | Reached XP level 2. HP: 14/15 MP: 3/8
    64 | D        | Reached XP level 3. HP: 18/19 MP: 3/10
   155 | D        | Learned a level 2 spell: Searing Ray
   159 | D        | Learned a level 3 spell: Dazzling Flash
   165 | D        | Found a snail-covered altar of Cheibriados.
   165 | D        | Found a shadowy altar of Dithmenos.
   165 | D        | Found a white marble altar of Elyvilon.
   165 | D        | Found a blossoming altar of Fedhas.
   165 | D        | Found an opulent altar of Gozag.
   166 | D        | Found a hazy altar of Hepliaklqana.
   167 | D        | Found a viscous altar of Jiyva.
   168 | D        | Found an ancient bone altar of Kikubaaqudgha.
   169 | D        | Found a corrupted altar of Lugonu.
   170 | D        | Found a burning altar of Makhleb.
   171 | D        | Found a sparkling altar of Nemelex Xobeh.
   172 | D        | Found an iron altar of Okawaru.
   173 | D        | Found a stormy altar of Qazlal.
   174 | D        | Found a sacrificial altar of Ru.
   175 | D        | Found a shimmering blue altar of Sif Muna.
   176 | D        | Found a bloodstained altar of Trog.
   177 | D        | Found a hide-covered altar of Uskayaw.
   178 | D        | Found a radiant altar of Vehumet.
   179 | D        | Found an ornate altar of the Wu Jian Council.
   180 | D        | Found a shimmering altar of Xom.
   181 | D        | Found a basalt altar of Yredelemnul.
   182 | D        | Found a glowing silver altar of Zin.
   183 | D        | Found a glowing golden altar of the Shining One.
   188 | D        | Became a worshipper of Vehumet
   220 | D        | Noticed a gargoyle
   220 | D        | Noticed a gnoll sergeant
   220 | D        | Noticed a wyvern
   220 | D        | Noticed a yak
   224 | D        | Reached skill level 8 in Conjurations
   224 | D        | Reached XP level 4. HP: 24/24 MP: 6/12
   225 | D        | Reached skill level 5 in Spellcasting
   225 | D        | Reached skill level 9 in Conjurations
   225 | D        | Killed a yak
   225 | D        | Reached * piety under Vehumet
   225 | D        | Offered knowledge of Foxfire by Vehumet.
   226 | D        | Reached skill level 5 in Dodging
   226 | D        | Reached skill level 5 in Stealth
   226 | D        | Reached skill level 12 in Conjurations
   226 | D        | Reached XP level 5. HP: 28/28 MP: 3/15
   226 | D        | Reached XP level 6. HP: 32/32 MP: 3/17
   231 | D        | Killed a wyvern
   232 | D        | Reached skill level 13 in Conjurations
   237 | D        | Killed a gargoyle
   237 | D        | Reached ** piety under Vehumet
   238 | D        | Reached skill level 14 in Conjurations
   238 | D        | Reached XP level 7. HP: 15/36 MP: 5/20
   504 | D        | Learned a level 4 spell: Iskenderun's Mystic Blast
   509 | D        | Learned a level 4 spell: Fulminant Prism
   511 | D        | Noticed a troll
   511 | D        | Noticed a vampire mosquito
   511 | D        | Noticed a cyan ugly thing
   511 | D        | Noticed a vampire mosquito
   511 | D        | Noticed a centaur warrior
   511 | D        | Noticed a centaur warrior
   516 | D        | Killed a centaur warrior
   516 | D        | Offered knowledge of Freeze by Vehumet.
   517 | D        | Reached skill level 15 in Conjurations
   517 | D        | Reached XP level 8. HP: 21/41 MP: 14/22
   518 | D        | Shot with an arrow by a centaur warrior

Illustrated notes

Levels and vault maps discovered:
D:        linesprint [early_d, line_temple, items_1, d_10, items_2, lair_1,
          lair_end, items_3, orc_1, orc_end, items_4, d_15, swamp_1, shoals_1,
          snake_1, spider_1, d_20, vaults_1, items_5, swamp_end, shoals_end,
          snake_end, spider_end, vaults_end, d_27, items_6, zot_1, zot_end,
          crypt_end, forest_end, elf_end, slime_end, tomb_end, abyss_end,
          pan_hell_end]

Skill      XL: |  1  2  3  4  5  6  7 |
---------------+----------------------+-----
Conjurations   | 7 8 12 14 15 | 15.4
Dodging        | 3 5 6 7 |  7.2
Stealth        | 3 5 6 7 |  7.1
Spellcasting   | 4 6 8 |  8.9
Fighting       | |  0.1

Action                   |  1- 3 |  4- 6 |  7- 9 || total
-------------------------+-------+-------+-------++-------
Melee: Rapier            |       |     1 |       ||     1
 Cast: Magic Dart        |    19 |       |       ||    19
       Searing Ray       |     1 |     2 |     2 ||     5
       Dazzling Flash    |       |       |     1 ||     1
  Use: Potion            |     1 |     4 |       ||     5
Armor: Robe              |       |     1 |       ||     1
Dodge: Dodged            |     7 |     8 |     5 ||    20

Table legend: (Time is in decaauts)
 A = Elapsed time spent in this place.
 B = Non-inter-level travel time spent in this place.
 C = Inter-level travel time spent in this place.
 D = Time resting spent in this place.
 E = Time spent auto-exploring this place.
 F = Levels seen in this place.
 G = Mean time per level.
                   A        B        C        D        E       F      G
               +--------+--------+--------+--------+--------+-----+--------+
         Total |    516 |    516 |      0 |    353 |      0 |   1 |  516.0 |
       Dungeon |    516 |    516 |      0 |    353 |      0 |   1 |  516.0 |
               +--------+--------+--------+--------+--------+-----+--------+

Top non-repeatable levels by time:
       D: 516 daAuts
